 Dungeon Crawl Stone Soup version 0.24.0-2-g5b39cebb1c (webtiles) character file.

Game seed: 17308431972869883367, levelgen mode: deterministic

249 Mrkan the Ruffian (level 5, 0/49 HPs)
             Began as a Troll Earth Elementalist on Oct 31, 2019.
             Succumbed to a scorpion's poison
             ... on level 3 of the Dungeon.
             The game lasted 00:04:14 (2351 turns).

Mrkan the Ruffian (Troll Earth Elementalist)        Turns: 2351, Time: 00:04:14

Health: 0/49       AC:  6    Str: 16    XL:     5   Next: 86%
Magic:  5/5        EV: 10    Int: 12    God:
Gold:   149        SH:  0    Dex: 10    Spells: 5/6 levels left

rFire    . . .     SeeInvis .     - Unarmed
rCold    . . .     Gourm    +   (no shield)
rNeg     . . .     Faith    .   c - +0 robe
rPois    .         Spirit   .   (helmet restricted)
rElec    .         Reflect  .   (no cloak)
rCorr    .         Harm     .   (gloves unavailable)
MR       .....                  (boots unavailable)
Stlth    +.........             (no amulet)
HPRegen  0.56/turn              (no ring)
MPRegen  0.09/turn              (no ring)

@: lethally poisoned (0 -> -13)
A: large, unfitting armour, claws 3, fast metabolism 3, gourmand, regeneration
1, shaggy fur 1, tough skin 3
a: no special abilities


You were on level 3 of the Dungeon.
You were full.

You visited 1 branch of the dungeon, and saw 3 of its levels.

You collected 149 gold pieces.

Inventory:

Missiles
 b - 57 stones (quivered)
 t - a throwing net
Armour
 c - a +0 robe (worn)
Jewellery
 i - an uncursed ring of poison resistance {unknown}
 m - a +3 amulet of reflection {unknown}
 o - a +3 ring of intelligence {unknown}
 s - an uncursed ring of stealth {unknown}
Wands
 q - a wand of iceblast (9)
 r - a wand of scattershot (5)
Scrolls
 a - 3 scrolls of teleportation {unknown}
 f - a scroll of noise {unknown}
 k - a scroll of identify {unknown}
 l - 2 scrolls of remove curse {unknown}
 n - a scroll of enchant armour {unknown}
Potions
 e - a potion of haste {unknown}
 g - a potion of might {unknown}
 h - a potion of curing {unknown}
 j - a potion of brilliance {unknown}
 p - a potion of heal wounds {unknown}
Comestibles
 d - 6 rations


   Skills:
 + Level 2.1 Fighting
 - Level 1.5 Dodging
 - Level 1.0 Stealth
 * Level 3.9 Unarmed Combat
 - Level 1.2 Spellcasting
   Level 0.6 Transmutations
 + Level 3.9 Earth Magic


You had 5 spell levels left.
You knew the following spells:

 Your Spells              Type           Power        Failure   Level  Hunger
a - Sandblast             Erth           ##....       6%          1    ##.....

Your spell library contained the following spells:

 Spells                   Type           Power        Failure   Level  Hunger
 Passwall                 Tmut/Erth      #.......     19%         2    ###....
 Stone Arrow              Conj/Erth      #.....       36%         3    ####...
 Petrify                  Tmut/Erth      #.......     75%         4    #####..
 Lee's Rapid Deconstruct  Erth           ##........   86%         5    ######.


Dungeon Overview and Level Annotations

Branches:
Dungeon (3/15)

Altars:

Annotations:
D:3 Grinder


Innate Abilities, Weirdness & Mutations

You are too large for most types of armour.
You have claws for hands.
Your metabolism is lightning-fast.
You like to eat raw meat.
Your natural rate of healing is unusually fast.
You are covered in fur. (AC +1)
You have extremely tough skin. (AC +3)


Message History

The orc hits you but does no damage. The orc completely misses you.
The scorpion stings you.
You are poisoned.
The scorpion poisons you! Grinder hits you.
You writhe in agony.
You feel sick. The scorpion stings you.
You are more poisoned.
The scorpion poisons you! The orc hits you with a +0 club. Grinder hits you.
You writhe in agony.
* * * LOW HITPOINT WARNING * * *
* * * LOW HITPOINT WARNING * * *
You feel sick. The scorpion stings you.
* * * LOW HITPOINT WARNING * * *
You are more poisoned.
The scorpion poisons you!
Grinder says, "I used to sell toenails on the black market."
Grinder hits you but does no damage. The orc hits you with a +0 club.
* * * LOW HITPOINT WARNING * * *
You can move again.
Unknown command.
You die...

#.# #.# #.# #.# #.#
#.# #.# #.#
#######.#### #.#
#.......#... #.#
#.#######...####.##
#.# ###....<....#
#.# ........@#..##.
#.#
...[.?o.s.......
#.#
.......5..#......
#.#
###....##.<.##.##
#.# #.... ##### .#
#.# ##.... # #.#
.#####.
###.####.### #.
)....#.....# #.


You could see Grinder, a scorpion and an orc.

Vanquished Creatures
  A water moccasin zombie (D:2)
  2 orc wizards (D:3)
  An orc priest (D:3)
  2 adders
  2 oozes (D:1)
  An adder skeleton (D:2)
  2 worms (D:3)
  A dart slug (D:1)
  5 leopard geckos
  5 orcs (D:3)
  3 giant cockroaches
  9 goblins
  8 hobgoblins
  6 bats
  7 frilled lizards
  7 kobolds
  7 rats
69 creatures vanquished.

Notes
Turn   | Place    | Note
-------+----------+-------------------------------------------
     0 | D:1      | Mrkan the Troll Earth Elementalist began the quest for the
                  | Orb.
     0 | D:1      | Reached XP level 1. HP: 16/16 MP: 1/1
    84 | D:1      | Reached skill level 1 in Unarmed Combat
    88 | D:1      | Reached XP level 2. HP: 22/26 MP: 2/2
   422 | D:1      | Reached XP level 3. HP: 32/32 MP: 3/3
   565 | D:1      | Reached skill level 1 in Fighting
  1462 | D:2      | Reached XP level 4. HP: 14/41 MP: 4/4
  1932 | D:3      | Reached XP level 5. HP: 44/49 MP: 5/5
  2341 | D:3      | Noticed Grinder
  2344 | D:3      | Paralysed by Grinder for 6 turns
  2350 | D:3      | HP: 1/49 [orc/+0 club (3)]
  2351 | D:3      | Succumbed to a scorpion's poison

Levels and vault maps discovered:
D:1:      co_arrival_random_square_maze, layout_loops_corners
D:2:      layout_basic
D:3:      layout_loops_ring, first_ration, uniq_crazy_yiuf_cottage, uniq_grinder

Skill      XL: |  1  2  3  4  5 |
---------------+----------------+-----
Unarmed Combat | 1 2 3 |  3.9
Earth Magic    | 3 |  3.9
Fighting       | 1 2 |  2.1
Dodging        | |  1.5
Stealth        | |  1.0
Spellcasting   | |  1.2
Transmutations | |  0.6

Action                   |  1- 3 |  4- 6 || total
-------------------------+-------+-------++-------
Melee: Unarmed           |   131 |    99 ||   230
       Punch             |     1 |       ||     1
 Stab: Sleeping          |     2 |     2 ||     4
  Eat: Chunk             |    14 |    10 ||    24
Armor: Robe              |    52 |    44 ||    96
Dodge: Dodged            |    71 |    48 ||   119
